 Dungeon Crawl Stone Soup version 0.28.0-45-g0d030f2227 (webtiles) character file.

Game seed: 8816513845193733417

175 DearestLeader the Shield-Bearer (level 5, -10/47 HPs)
             Began as a Gnoll Fighter on Apr 1, 2022.
             Mangled by an orc warrior
             ... wielding a +0 flail
              (13 damage)
             ... on level 4 of the Dungeon.
             The game lasted 00:02:46 (2719 turns).

DearestLeader the Shield-Bearer (Gnoll Fighter)     Turns: 2719, Time: 00:02:47

Health: -10/47     AC:  7    Str: 24    XL:     5   Next: 55%
Magic:  7/7        EV: 10    Int:  7    God:
Gold:   107        SH:  5    Dex: 11    Spells: 7/7 levels left

rFire   . . .      SeeInvis .   a - +0 war axe
rCold   . . .      Faith    .   c - +0 buckler
rNeg    . . .      Spirit   .   b - +0 scale mail
rPois   .          Reflect  .   (no helmet)
rElec   .          Harm     .   (no cloak)
rCorr   .          Rampage  .   (no gloves)
Will    .....                   (no boots)
Stlth   ..........              (no amulet)
HPRegen 0.15/turn               n - +6 ring of strength
MPRegen 0.10/turn               (no ring)

@: mighty
A: fangs 1, strong nose, distributed training
a: no special abilities


You were on level 4 of the Dungeon.
You visited 1 branch of the dungeon, and saw 4 of its levels.

You collected 107 gold pieces.

Inventory:

Hand Weapons
 a - a +0 war axe (weapon)
Armour
 b - a +0 scale mail (worn)
 c - a +0 buckler (worn)
Jewellery
 n - a +6 ring of strength (left hand)
Wands
 j - a wand of flame (5)
Scrolls
 e - a scroll of vulnerability
 f - 2 scrolls of teleportation
 i - a scroll of brand weapon {unknown}
 k - a scroll of enchant armour {unknown}
 l - a scroll of blinking {unknown}
Potions
 g - 2 potions of curing
 m - a potion of flight {unknown}
 o - a potion of attraction {unknown}


   Skills:
 + Level 6.7 Fighting
 + Level 1.5 Short Blades
 + Level 1.5 Long Blades
 + Level 4.8 Axes
 + Level 1.5 Maces & Flails
 + Level 1.5 Polearms
 + Level 1.5 Staves
 + Level 1.5 Slings
 + Level 1.5 Bows
 + Level 1.5 Crossbows
 + Level 1.5 Throwing
 + Level 6.7 Armour
 + Level 1.5 Dodging
 + Level 1.5 Stealth
 + Level 6.7 Shields
 + Level 1.5 Unarmed Combat
 + Level 1.5 Spellcasting
 + Level 1.2 Conjurations
 + Level 1.2 Hexes
 + Level 1.2 Summonings
 + Level 1.2 Necromancy
 + Level 1.2 Translocations
 + Level 1.2 Transmutations
 + Level 1.2 Fire Magic
 + Level 1.2 Ice Magic
 + Level 1.2 Air Magic
 + Level 1.2 Earth Magic
 + Level 1.2 Poison Magic
 + Level 1.7 Invocations
 + Level 1.5 Evocations


You had 7 spell levels left.
You didn't know any spells.
Your spell library contained the following spells:

 Spells                   Type           Power      Damage    Failure   Level
 Sandblast                Erth           4%         2d4       56%         1
 Passwall                 Tmut/Erth      1%         N/A       71%         2
 Stone Arrow              Conj/Erth      4%         3d7       90%         3


Dungeon Overview and Level Annotations

Branches:
Dungeon (4/15)
 Temple: D:4-7

Altars:


Innate Abilities, Weirdness & Mutations

You have very sharp teeth.
Your uncanny sense of smell can sniff out nearby items.
Your experience applies equally to all skills.


Message History

Found a fizzy inky potion.
A dart slug comes into view.
The dart slug launches a dart at you.
The slug dart hits you but does no damage.
You see here a fizzy inky potion.
You block the dart slug's attack.
You slash the dart slug!
The dart slug is almost dead.
The dart slug bites you.
You slash the dart slug!
You kill the dart slug!
o - a fizzy inky potion
As you read the scroll labelled XEEKKAGGOUK, it crumbles to dust.
It is a scroll of identify.
f - 2 scrolls of teleportation
As you read the scroll of identify, it crumbles to dust.
g - 2 potions of curing
As you read the scroll of identify, it crumbles to dust.
e - a scroll of vulnerability You see here a dart slug corpse.
You feel very mighty all of a sudden.
You closely miss the orc warrior. The orc warrior barely misses you.
You closely miss the orc warrior. You bite the orc warrior!
The orc warrior is moderately wounded.
The orc warrior hits you with a +0 flail!
You block the orc warrior's attack.
You hit the orc warrior.
The orc warrior is heavily wounded.
You block the orc warrior's attack.
You completely miss the orc warrior.
The orc warrior is heavily wounded.
The orc warrior hits you with a +0 flail!
You are too injured to fight recklessly!
You are too injured to fight recklessly!
You closely miss the orc warrior.
The orc warrior is heavily wounded.
The orc warrior hits you with a +0 flail!!
* * * LOW HITPOINT WARNING * * *
The orc warrior hits you with a +0 flail!
You die...

.##.######
.##.#....#
....#.88.#######
###.#.88.##....###
# #.'....#.####†.#
# ######'#.####..#
# #..#.##..###
##..#.##..###
#.####)###.@# #.#
#.###o.# #.#
#.#[!###
#.####.#)[#
##....##### ######


You could see an orc warrior.

Vanquished Creatures
  2 hounds (D:3)
  A gnoll (D:3)
  4 adders
  2 adder skeletons (D:4)
  2 worms (D:2)
  5 dart slugs
  2 orcs (D:3)
  5 endoplasms
  4 goblins (D:1)
  7 hobgoblins
  2 kobolds
  A quokka (D:1)
  2 ball pythons
  3 bats
  5 frilled lizards
  6 rats
53 creatures vanquished.

Vanquished Creatures (others)
  A plant (D:4)
1 creature vanquished.

Grand Total: 54 creatures vanquished

Notes
Turn   | Place    | Note
-------+----------+-------------------------------------------
     0 | D:1      | DearestLeader the Gnoll Fighter began the quest for the
                  | Orb.
     0 | D:1      | Reached XP level 1. HP: 23/23 MP: 1/1
   175 | D:1      | Reached XP level 2. HP: 29/29 MP: 2/2
   561 | D:1      | Reached XP level 3. HP: 35/35 MP: 3/3
   694 | D:2      | Reached skill level 1 in Invocations
   850 | D:2      | Reached skill level 1 in Short Blades
   850 | D:2      | Reached skill level 1 in Long Blades
   850 | D:2      | Reached skill level 1 in Maces & Flails
   850 | D:2      | Reached skill level 1 in Polearms
   850 | D:2      | Reached skill level 1 in Staves
   850 | D:2      | Reached skill level 1 in Slings
   850 | D:2      | Reached skill level 1 in Bows
   850 | D:2      | Reached skill level 1 in Crossbows
   850 | D:2      | Reached skill level 1 in Throwing
   850 | D:2      | Reached skill level 1 in Dodging
   850 | D:2      | Reached skill level 1 in Stealth
   850 | D:2      | Reached skill level 1 in Unarmed Combat
   850 | D:2      | Reached skill level 1 in Spellcasting
   850 | D:2      | Reached skill level 1 in Evocations
  1217 | D:3      | Reached XP level 4. HP: 35/41 MP: 5/5
  1797 | D:3      | Reached skill level 1 in Conjurations
  1797 | D:3      | Reached skill level 1 in Hexes
  1797 | D:3      | Reached skill level 1 in Summonings
  1797 | D:3      | Reached skill level 1 in Necromancy
  1797 | D:3      | Reached skill level 1 in Translocations
  1797 | D:3      | Reached skill level 1 in Transmutations
  1797 | D:3      | Reached skill level 1 in Fire Magic
  1797 | D:3      | Reached skill level 1 in Ice Magic
  1797 | D:3      | Reached skill level 1 in Air Magic
  1797 | D:3      | Reached skill level 1 in Earth Magic
  1797 | D:3      | Reached skill level 1 in Poison Magic
  1809 | D:3      | Reached XP level 5. HP: 26/47 MP: 5/7
  2683 | D:4      | Noticed an orc warrior
  2719 | D:4      | Mangled by an orc warrior

Illustrated notes

Levels and vault maps discovered:
D:1:      minmay_arrival_plants_in_alcoves, layout_basic, minivault_26,
          minmay_misc_feat_x
D:2:      layout_rooms
D:3:      layout_basic, chequers_avenue, cheibrodos_gnoll_hut
D:4:      minmay_chambers_of_fours, layout_basic,
          hellmonk_ghost_happy_afterlife, serial_bayou, serial_bayou_shore_a,
          serial_bayou_shore_b, serial_bayou_pond_c, serial_bayou_lake_a,
          serial_bayou_pond_e, hangedman_decor_opposing

Skill      XL: |  1  2  3  4 |
---------------+-------------+-----
Invocations    | 1 |  1.7
Short Blades   | 1 |  1.5
Long Blades    | 1 |  1.5
Maces & Flails | 1 |  1.5
Polearms       | 1 |  1.5
Staves         | 1 |  1.5
Slings         | 1 |  1.5
Bows           | 1 |  1.5
Crossbows      | 1 |  1.5
Throwing       | 1 |  1.5
Dodging        | 1 |  1.5
Stealth        | 1 |  1.5
Unarmed Combat | 1 |  1.5
Spellcasting   | 1 |  1.5
Evocations     | 1 |  1.5
Conjurations   | 1 |  1.2
Hexes          | 1 |  1.2
Summonings     | 1 |  1.2
Necromancy     | 1 |  1.2
Translocations | 1 |  1.2
Transmutations | 1 |  1.2
Fire Magic     | 1 |  1.2
Ice Magic      | 1 |  1.2
Air Magic      | 1 |  1.2
Earth Magic    | 1 |  1.2
Poison Magic   | 1 |  1.2
Fighting       | |  6.7
Axes           | |  4.8
Armour         | |  6.7
Shields        | |  6.7

Action                   |  1- 3 |  4- 6 || total
-------------------------+-------+-------++-------
Melee: War axe           |    74 |    71 ||   145
       Bite              |     4 |     9 ||    13
  Use: Scroll            |       |     3 ||     3
       Potion            |       |     2 ||     2
Armor: Scale mail        |    27 |    26 ||    53
Dodge: Dodged            |    26 |    41 ||    67
Block: Buckler           |    15 |    22 ||    37
